[ AOE2 MATCH · #458953216 ]
UnrankedSicilians vs Byzantines
Player's team · WIN
[ REPLAY ANALYSIS · EXTRACTED FROM THE RECORDED GAME ]
Feudal
11:07
Castle
17:58
Imperial
—
| APM avg | 25.0 |
| APM peak | 76 |
| eAPM avg | 13.9 |
| Villagers / military | 89 / 4 |
Focus
⚔️ 7.0% · 🌾 93.0%
Monk ×2 · Knight ×2
Feudal
11:03
Castle
18:07
Imperial
—
| APM avg | 17.5 |
| APM peak | 71 |
| eAPM avg | 7.3 |
| Villagers / military | 45 / 4 |
Focus
⚔️ 5.2% · 🌾 94.8%
Monk ×2 · Spearman ×2
Match map
Initial resources + every placement click. Lines = walls · curves = elevation contours. ◆ gold · ⬟ stone · ● berries · ✦ relic · ◌ wall gap
Your base· ✓ Closed at 17:58 · 0t walls · 2 gate(s)
ccvillegas20's base· ✓ Closed at 18:07 · 0t walls · 3 gate(s)
Smoothed initial terrain · ◌ = detected wall gap · hover for details
Inputs per minute
— alanya82 - - ccvillegas20
Build order — alanya82
First 150 of 214 actions detected
| 0:02 | Create | Villager (Male) |
| 0:02 | Create | Villager (Male) |
| 0:02 | Create | Villager (Male) |
| 0:07 | Build | House |
| 0:11 | Build | House |
| 0:20 | Create | Villager (Male) |
| 0:20 | Create | Villager (Male) |
| 1:52 | Create | Villager (Male) |
| 1:52 | Create | Villager (Male) |
| 2:32 | Create | Villager (Male) |
| 2:32 | Create | Villager (Male) |
| 2:40 | Create | Villager (Male) |
| 2:41 | Create | Villager (Male) |
| 2:47 | Build | Mill |
| 3:01 | Create | Villager (Male) |
| 3:11 | Build | House |
| 3:13 | Build | House |
| 3:37 | Create | Villager (Male) |
| 4:03 | Create | Villager (Male) |
| 4:03 | Create | Villager (Male) |
| 4:16 | Create | Villager (Male) |
| 4:16 | Create | Villager (Male) |
| 4:37 | Create | Villager (Male) |
| 4:38 | Create | Villager (Male) |
| 4:53 | Create | Villager (Male) |
| 5:08 | Create | Villager (Male) |
| 5:41 | Create | Villager (Male) |
| 6:09 | Create | Villager (Male) |
| 6:33 | Create | Villager (Male) |
| 6:33 | Create | Villager (Male) |
| 6:38 | Build | Lumber Camp |
| 6:44 | Create | Villager (Male) |
| 6:44 | Create | Villager (Male) |
| 6:59 | Create | Villager (Male) |
| 7:00 | Create | Villager (Male) |
| 7:40 | Create | Villager (Male) |
| 7:41 | Create | Villager (Male) |
| 7:41 | Create | Villager (Male) |
| 7:51 | Create | Villager (Male) |
| 8:04 | Create | Villager (Male) |
| 8:40 | Research | Feudal Age |
| 8:46 | Build | Mining Camp |
| 9:42 | Create | Villager (Male) |
| 10:09 | Build | House |
| 10:11 | Build | House |
| 10:17 | Build | House |
| 10:21 | Create | Villager (Male) |
| 10:21 | Create | Villager (Male) |
| 11:07 | Age | Feudal Age |
| 11:09 | Build | Lumber Camp |
| 11:18 | Research | Double-Bit Axe |
| 11:22 | Create | Villager (Male) |
| 11:22 | Create | Villager (Male) |
| 11:48 | Build | Blacksmith |
| 11:51 | Create | Villager (Male) |
| 11:51 | Create | Villager (Male) |
| 11:51 | Create | Villager (Male) |
| 11:52 | Create | Villager (Male) |
| 12:09 | Build | House |
| 12:26 | Build | Farm |
| 12:27 | Build | Farm |
| 12:27 | Build | Farm |
| 12:27 | Build | Farm |
| 12:27 | Build | Farm |
| 12:28 | Build | Farm |
| 12:40 | Research | Horse Collar |
| 12:59 | Build | Farm |
| 12:59 | Build | Farm |
| 12:59 | Build | Farm |
| 13:00 | Build | Farm |
| 13:00 | Build | Farm |
| 13:00 | Build | Farm |
| 13:00 | Build | Farm |
| 13:11 | Create | Villager (Male) |
| 13:32 | Build | Farm |
| 13:32 | Build | Farm |
| 13:32 | Build | Farm |
| 13:32 | Build | Farm |
| 13:33 | Build | Farm |
| 13:33 | Build | Farm |
| 13:33 | Build | Farm |
| 13:33 | Build | Farm |
| 13:34 | Build | Farm |
| 13:34 | Build | Farm |
| 13:34 | Build | Farm |
| 13:34 | Build | Farm |
| 13:34 | Build | Farm |
| 13:35 | Build | Farm |
| 13:35 | Build | Farm |
| 13:36 | Build | Farm |
| 13:36 | Build | Farm |
| 13:36 | Build | Farm |
| 13:36 | Build | Farm |
| 13:37 | Build | Farm |
| 13:37 | Build | Farm |
| 13:37 | Build | Farm |
| 13:37 | Build | Farm |
| 13:37 | Build | Farm |
| 13:38 | Build | Farm |
| 13:38 | Build | Farm |
| 13:38 | Build | Farm |
| 13:38 | Build | Farm |
| 13:38 | Build | Farm |
| 13:39 | Build | Farm |
| 13:39 | Build | Farm |
| 13:40 | Build | Farm |
| 13:40 | Build | Farm |
| 13:40 | Build | Farm |
| 13:41 | Build | Farm |
| 13:41 | Build | Farm |
| 13:41 | Build | Farm |
| 13:41 | Build | Farm |
| 13:41 | Build | Farm |
| 13:42 | Build | Farm |
| 14:04 | Build | Farm |
| 14:04 | Build | Farm |
| 14:05 | Build | Farm |
| 14:05 | Build | Farm |
| 14:05 | Build | Farm |
| 14:05 | Build | Farm |
| 14:06 | Build | Farm |
| 14:06 | Build | Farm |
| 14:06 | Build | Farm |
| 14:09 | Create | Villager (Male) |
| 14:09 | Create | Villager (Male) |
| 14:32 | Build | Market |
| 14:53 | Research | Loom |
| 15:05 | Research | Castle Age |
| 15:51 | Build | Barracks |
| 16:48 | Create | Villager (Male) |
| 16:54 | Research | Stone Mining |
| 17:09 | Build | House |
| 17:11 | Build | House |
| 17:12 | Build | House |
| 17:14 | Build | House |
| 17:58 | Age | Castle Age |
| 18:03 | Research | Heavy Plow |
| 18:08 | Research | Bow Saw |
| 18:24 | Build | Town Center |
| 18:30 | Create | Villager (Male) |
| 18:30 | Create | Villager (Male) |
| 18:30 | Create | Villager (Male) |
| 18:44 | Build | Town Center |
| 18:51 | Build | Farm |
| 18:52 | Build | Farm |
| 18:52 | Build | Farm |
| 18:52 | Build | Farm |
| 18:53 | Build | Farm |
| 18:53 | Build | Farm |
| 18:53 | Build | Farm |
Build order — ccvillegas20
90 actions detected in the replay
| 0:02 | Create | Villager (Male) |
| 0:02 | Create | Villager (Male) |
| 0:03 | Create | Villager (Male) |
| 0:03 | Create | Villager (Male) |
| 0:04 | Create | Villager (Male) |
| 0:06 | Build | House |
| 0:09 | Build | House |
| 1:38 | Create | Villager (Male) |
| 2:03 | Create | Villager (Male) |
| 2:50 | Create | Villager (Male) |
| 2:50 | Create | Villager (Male) |
| 3:42 | Create | Villager (Male) |
| 3:43 | Create | Villager (Male) |
| 4:14 | Build | House |
| 4:22 | Build | Lumber Camp |
| 4:33 | Create | Villager (Male) |
| 5:07 | Create | Villager (Male) |
| 5:07 | Create | Villager (Male) |
| 5:23 | Build | Mining Camp |
| 6:07 | Create | Villager (Male) |
| 6:42 | Create | Villager (Male) |
| 6:42 | Create | Villager (Male) |
| 6:52 | Build | House |
| 6:59 | Build | Mill |
| 7:24 | Create | Villager (Male) |
| 7:55 | Create | Villager (Male) |
| 8:25 | Create | Villager (Male) |
| 8:53 | Research | Feudal Age |
| 9:06 | Build | House |
| 9:12 | Build | House |
| 11:03 | Age | Feudal Age |
| 11:07 | Create | Villager (Male) |
| 11:07 | Create | Villager (Male) |
| 11:15 | Research | Double-Bit Axe |
| 11:19 | Research | Horse Collar |
| 11:42 | Create | Villager (Male) |
| 11:43 | Create | Villager (Male) |
| 12:11 | Build | House |
| 12:39 | Create | Villager (Male) |
| 13:03 | Build | Farm |
| 13:04 | Build | Farm |
| 13:05 | Build | Farm |
| 13:06 | Build | Farm |
| 13:08 | Build | Farm |
| 13:10 | Build | Farm |
| 13:12 | Build | Farm |
| 13:15 | Build | Farm |
| 13:19 | Build | Farm |
| 13:19 | Build | Farm |
| 13:27 | Build | Blacksmith |
| 13:32 | Create | Villager (Male) |
| 13:37 | Create | Villager (Male) |
| 14:25 | Build | Market |
| 14:28 | Create | Villager (Male) |
| 14:54 | Create | Villager (Male) |
| 15:27 | Research | Castle Age |
| 16:05 | Build | Mining Camp |
| 18:07 | Age | Castle Age |
| 18:13 | Build | Town Center |
| 18:17 | Create | Villager (Male) |
| 18:17 | Create | Villager (Male) |
| 18:23 | Build | Town Center |
| 18:34 | Build | Monastery |
| 19:54 | Create | Monk |
| 19:57 | Create | Villager (Male) |
| 19:57 | Create | Villager (Male) |
| 20:14 | Build | Barracks |
| 20:18 | Create | Villager (Male) |
| 20:19 | Create | Villager (Male) |
| 20:22 | Research | Bow Saw |
| 20:27 | Research | Heavy Plow |
| 20:38 | Create | Villager (Male) |
| 20:39 | Create | Villager (Male) |
| 20:40 | Research | Wheelbarrow |
| 21:07 | Build | House |
| 21:16 | Create | Spearman |
| 21:41 | Create | Villager (Male) |
| 21:41 | Create | Villager (Male) |
| 21:58 | Create | Spearman |
| 22:16 | Create | Monk |
| 22:22 | Create | Villager (Male) |
| 22:22 | Create | Villager (Male) |
| 22:27 | Create | Villager (Male) |
| 22:27 | Create | Villager (Male) |
| 22:33 | Create | Villager (Male) |
| 22:33 | Create | Villager (Male) |
| 22:42 | Build | Lumber Camp |
| 22:58 | Build | Farm |
| 22:58 | Build | Farm |
| 22:59 | Build | Farm |
Match timeline
| 11:03 | ccvillegas20 · age_up feudal |
| 11:07 | alanya82 · age_up feudal |
| 15:51 | alanya82 · first_building Barracks |
| 17:58 | alanya82 · age_up castle |
| 18:07 | ccvillegas20 · age_up castle |
| 18:34 | ccvillegas20 · first_building Monastery |
| 19:27 | alanya82 · first_building Stable |
| 20:14 | ccvillegas20 · first_building Barracks |
| 20:19 | alanya82 · first_building Monastery |
| 21:09 | alanya82 · first_market_buy 100 food |
| 25:19 | ccvillegas20 · resign |
[ AI ANALYSIS · 1 CREDIT ]
What really happened in this match?
Wolo.gg analyzes every decision: build order, eco, micro, common mistakes by bracket. Personalized analysis on WhatsApp or Discord in 30 seconds.
Civ guide
Sicilians
Perfil
Jugador #8494137